[Event "9th RTU Rapid 2019"]
[Site "Riga"]
[Date "2019.08.04"]
[Round "9.28"]
[White "Nair, Sanjeev"]
[Black "Alvarado Ascanio, Francisco"]
[Result "0-1"]
[ECO "C05"]
[WhiteElo "1841"]
[BlackElo "2166"]
[Annotator "NA"]
[PlyCount "111"]
[EventDate "2019.08.05"]
[EventType "swiss"]
[EventCountry "LAT"]
[SourceTitle "playchess.com"]
[Source "ChessBase"]
[SourceQuality "1"]
[TimeControl "5400+30"]

1. e4 e6 2. d4 d5 3. Nd2 Nd7 4. e5 c5 5. c3 Ne7 6. Ngf3 Nc6 7. Be2 cxd4 8. cxd4 Qb6 9. Qa4 Be7 10. O-O O-O 11. Rd1 f6 12. exf6 Nxf6 13. Nf1 Bd7 14. Qb3 Qxb3 15. axb3 Bd6 16. Be3 a6 17. Rdc1 Rfc8 18. Ng3 Nb4 19. Rc3 Nc2 20. Rc1 Nxe3 21. fxe3 Bxg3 22. hxg3 Ne4 23. Rxc8+ Rxc8 24. Rxc8+ Bxc8 25. Kh2 a5 26. Bd3 Nf6 27. Ne5 Nd7 28. Nf3 h6 29. g4 g5 30. Kg3 Kg7 31. Kf2 Kf6 32. Bb5 Nf8 33. Ne5 Ng6 34. Nd3 b6 35. b4 e5 36. Be8 exd4 37. exd4 Bxg4 38. Bxg6 Kxg6 39. Ne5+ Kf5 40. Ke3 axb4 41. Nd3 b3 42. Ne5 h5 43. Nd7 b5 44. Nc5 Bd1 45. Nd3 h4 46. Nb4 Ke6 47. Kd2 Bc2 48. Ke3 Be4 49. Kf2 g4 50. Nc6 g3+ 51. Kf1 Bd3+ 52. Kg1 Kf5 53. Ne5 Be4 54. Kf1 Kf4 55. Nc6 Ke3 56. Kg1 0-1

[Event "9th RTU Rapid 2019"]
[Site "Riga"]
[Date "2019.08.04"]
[Round "9.29"]
[White "Miedema, David"]
[Black "Melderis, Uldis"]
[Result "1-0"]
[ECO "C11"]
[WhiteElo "2313"]
[BlackElo "1897"]
[Annotator "NA"]
[PlyCount "77"]
[EventDate "2019.08.05"]
[EventType "swiss"]
[EventCountry "LAT"]
[SourceTitle "playchess.com"]
[Source "ChessBase"]
[SourceQuality "1"]
[TimeControl "5400+30"]

1. e4 e6 2. d4 d5 3. Nc3 Nf6 4. e5 Nfd7 5. f4 c5 6. Nf3 Nc6 7. Be3 a6 8. Qd2 b5 9. a3 b4 10. axb4 cxb4 11. Ne2 a5 12. b3 Ba6 13. g4 Be7 14. f5 Bh4+ 15. Bf2 Bxf2+ 16. Kxf2 h6 17. Bg2 Bxe2 18. Kxe2 Qb6 19. Qd3 Qa6 20. Qxa6 Rxa6 21. Ke3 Ke7 22. Bf1 Rb6 23. Bd3 Ra8 24. h4 exf5 25. gxf5 a4 26. Rxa4 Rxa4 27. bxa4 b3 28. Bb5 bxc2 29. Rc1 Nb4 30. Ne1 Rb8 31. Nxc2 Rc8 32. Kd2 Na2 33. Ra1 Nc3 34. Nb4 Ne4+ 35. Ke3 Rc3+ 36. Kf4 g5+ 37. fxg6 Ke6 38. Bxd7+ Kxd7 39. gxf7 1-0

[Event "9th RTU Rapid 2019"]
[Site "Riga"]
[Date "2019.08.04"]
[Round "9.30"]
[White "Kretainis, Kristaps"]
[Black "Isakovs, Janis"]
[Result "1-0"]
[ECO "B01"]
[WhiteElo "2252"]
[BlackElo "1923"]
[Annotator "NA"]
[PlyCount "82"]
[EventDate "2019.08.05"]
[EventType "swiss"]
[EventCountry "LAT"]
[SourceTitle "playchess.com"]
[Source "ChessBase"]
[SourceQuality "1"]
[TimeControl "5400+30"]

1. e4 d5 2. exd5 Qxd5 3. Nf3 Bg4 4. Be2 Nf6 5. d4 e6 6. O-O Be7 7. c4 Qd8 8. Qb3 b6 9. Nc3 O-O 10. h3 Bh5 11. Be3 Nbd7 12. Rfd1 Qc8 13. a4 a5 14. Bf4 Bd6 15. Bxd6 cxd6 16. Nb5 Qb8 17. Qa3 d5 18. c5 bxc5 19. dxc5 Rc8 20. Rac1 Bxf3 21. Bxf3 Ne5 22. Be2 Nc6 23. Nd6 Rc7 24. Bb5 Nb4 25. Qg3 Qa7 26. c6 Rd8 27. Rc3 g6 28. Qe5 Ne8 29. Nxe8 Rxe8 30. h4 f5 31. h5 Rg7 32. h6 Rc7 33. Qd6 Ree7 34. Re1 Kf7 35. Qe5 Kg8 36. Qf6 d4 37. Rg3 Nd5 38. Qe5 Qc5 39. Rd3 Qb4 40. Rxd4 Qxb2 41. Rxd5 Qb3 1-0

[Event "9th RTU Rapid 2019"]
[Site "Riga"]
[Date "2019.08.04"]
[Round "9.31"]
[White "Ivanisvili, Andrejs"]
[Black "Pavlovs, Nikita"]
[Result "0-1"]
[ECO "B06"]
[WhiteElo "2144"]
[BlackElo "1845"]
[Annotator "NA"]
[PlyCount "46"]
[EventDate "2019.08.05"]
[EventType "swiss"]
[EventCountry "LAT"]
[SourceTitle "playchess.com"]
[Source "ChessBase"]
[SourceQuality "1"]
[TimeControl "5400+30"]

1. g3 g6 2. Bg2 Bg7 3. e4 d6 4. d4 Nf6 5. Ne2 O-O 6. O-O c6 7. h3 Nbd7 8. c3 e5 9. f4 Qc7 10. Be3 a6 11. Nd2 b5 12. a4 Bb7 13. Qc2 Rfe8 14. c4 bxc4 15. Nxc4 exd4 16. Bxd4 c5 17. Nxd6 Qxd6 18. e5 Qb6 19. a5 Qa7 20. exf6 cxd4 21. Rf2 Nxf6 22. Rd1 Ne4 23. Rf3 d3+ 0-1